 Dungeon Crawl Stone Soup version 0.26-a0-661-g406de6ba63 (webtiles) character file.

Game seed: 7590219743737938851

1542 tacoguy the Skirmisher (level 8, 0/64 HPs)
             Began as a Demonspawn Abyssal Knight on Oct 8, 2020.
             Was a Priest of Lugonu.
             Slain by Maggie
             ... wielding a +3 morningstar of flaming
              (5 damage)
             ... on level 6 of the Dungeon.
             The game lasted 00:28:17 (6744 turns).

tacoguy the Skirmisher (Demonspawn Abyssal Knight)  Turns: 6744, Time: 00:28:20

Health: 0/64       AC: 13    Str: 15    XL:     8   Next: 56%
Magic:  9/9        EV: 12    Int: 15    God:    Lugonu [***...]
Gold:   61         SH:  8    Dex: 13    Spells: 7/7 levels left

rFire    . . .     SeeInvis .   v - +2 spear (freeze)
rCold    . . .     Faith    .   g - +0 kite shield
rNeg     . . .     Spirit   .   f - +0 plate armour
rPois    .         Reflect  .   (helmet restricted)
rElec    .         Harm     .   (no cloak)
rCorr    .         Rampage  .   (no gloves)
MR       +....                  j - +0 pair of boots
Stlth    ..........             (no amulet)
HPRegen  0.20/turn              d - +4 ring of evasion
MPRegen  0.11/turn              w - ring of protection from magic

@: agile, mesmerised
A: antennae 2, claws 1, hooves 2, clever 1, powered by pain 2, evolution 1
a: Depart the Abyss, Bend Space, Banish, Renounce Religion


You were on level 6 of the Dungeon.
You worshipped Lugonu.
Lugonu was most pleased with you.
You visited 1 branch of the dungeon, and saw 6 of its levels.
You visited the Abyss 1 time.

You collected 253 gold pieces.
You spent 192 gold pieces at shops.

Inventory:

Hand Weapons
 v - a +2 spear of freezing (weapon)
Missiles
 h - 5 curare-tipped darts (quivered)
Armour
 c - a +0 ring mail
 f - a +0 plate armour (worn)
 g - a +0 kite shield (worn)
 j - a +0 pair of boots (worn)
Jewellery
 d - a +4 ring of evasion (left claw)
 w - a ring of protection from magic (right claw)
Scrolls
 a - 2 scrolls of remove curse
 e - 2 scrolls of teleportation
 l - a scroll of blinking {unknown}
 n - a scroll of immolation {unknown}
 o - 2 scrolls of enchant weapon
 u - a scroll of fog
Potions
 b - a potion of resistance {unknown}
 i - a potion of invisibility {unknown}
 k - a potion of heal wounds {unknown}
 m - 2 potions of curing
 p - a potion of haste
 t - a potion of lignification {unknown}


   Skills:
 + Level 5.9 Fighting
   Level 3.6 Maces & Flails
 + Level 2.8 Polearms
 + Level 5.0 Armour
 + Level 4.6 Dodging
 + Level 2.8 Shields
 - Level 2.4 Invocations


You had 7 spell levels left.
You didn't know any spells.
Your spell library was empty.

Dungeon Overview and Level Annotations

Branches:
Dungeon (6/15)             Temple (0/1) D:4

Altars:
Makhleb
Sif Muna

Shops:
D:5 *

Annotations:
D:6 Maggie


Innate Abilities, Weirdness & Mutations

You have a pair of antennae on your head.
You have sharp fingernails.
You have hoof-like feet.
You sometimes gain power by taking damage.
Your mind is acute. (Int +2)
You evolve.


Message History

You puncture Maggie! You freeze Maggie.
Maggie is heavily wounded.
You block Maggie's attack.
Maggie points at you and mumbles some strange words.
The bolt of fire hits you!!
* * * LOW HITPOINT WARNING * * *
You focus on the pain.
You feel agile all of a sudden.
You feel better. Maggie barely misses you.
You hit Maggie. You freeze Maggie.
Maggie is heavily wounded.
Maggie hits you but does no damage.
You closely miss Maggie.
Maggie is heavily wounded.
Maggie hits you with a +3 morningstar of flaming!
* * * LOW HITPOINT WARNING * * *
Maggie burns you.
* * * LOW HITPOINT WARNING * * *
Maggie hits you with a +3 morningstar of flaming.
You die...

#........ . ....#..#
#.......# ..
#...#...##.......###@..
#.....<##.........@....
###...........>.>@...#
#...#........)...##..#
#...##............###
#.........#..###....#
#........#..@@.....##
####.......###...#.....#
#................#.......
.......###.#.###.........
.......##.##.#...........
...................##....
.........#..#......# ..
#...................#
#.....##.##............


You could see Maggie (mesmerising, fast).

Vanquished Creatures
  Pikel (D:4)
  Prince Ribbit (D:5)
  2 lemures (D:4)
  A scorpion (D:4)
  2 howler monkeys (D:5)
  2 jellies
  2 hounds
  An orc priest (D:5)
  2 gnoll shamans (D:3)
  Jessica (D:3)
  An orc wizard (D:5)
  5 worker ants
  10 gnolls
  7 adders
  An ufetubus (D:5)
  2 oozes
  An adder skeleton (D:4)
  A worm (D:2)
  2 dart slugs
  A leopard gecko (D:3)
  9 orcs
  5 giant cockroaches
  3 goblins
  11 hobgoblins
  8 jackals
  A quokka (D:3)
  2 ball pythons (D:1)
  15 bats
  9 frilled lizards
  9 kobolds
  A quokka skeleton (D:6)
  8 rats
127 creatures vanquished.

Notes
Turn   | Place    | Note
-------+----------+-------------------------------------------
     0 | Abyss:1  | tacoguy the Demonspawn Abyssal Knight began the quest for
                  | the Orb.
     0 | Abyss:1  | Reached XP level 1. HP: 18/18 MP: 2/2
    20 | D:1      | Escaped the Abyss
    39 | D:1      | Reached skill level 1 in Dodging
   254 | D:1      | Gained mutation: You sometimes gain a little power by
                  | taking damage. [demonic ancestry]
   254 | D:1      | Reached XP level 2. HP: 22/24 MP: 3/3
   569 | D:1      | Reached ** piety under Lugonu
   904 | D:1      | Reached XP level 3. HP: 29/29 MP: 4/4
  1341 | D:2      | Gained mutation: You sometimes gain power by taking damage.
                  | [demonic ancestry]
  1341 | D:2      | Reached XP level 4. HP: 28/35 MP: 5/5
  1887 | D:2      | Found a shimmering blue altar of Sif Muna.
  2442 | D:3      | Found a faded altar of an unknown god.
  2539 | D:3      | Reached *** piety under Lugonu
  2661 | D:3      | Gained mutation: You have a pair of small antennae on your
                  | head. [demonic ancestry]
  2661 | D:3      | Reached XP level 5. HP: 39/42 MP: 6/6
  2729 | D:3      | Noticed Jessica
  2735 | D:3      | Killed Jessica
  3595 | D:3      | Reached XP level 6. HP: 35/48 MP: 7/7
  4489 | D:4      | Gained mutation: You have large cloven feet. [demonic
                  | ancestry]
  4489 | D:4      | Reached XP level 7. HP: 7/55 MP: 8/8
  4765 | D:4      | Found a staircase to the Ecumenical Temple.
  4806 | D:4      | Noticed Pikel
  5165 | D:4      | Killed Pikel
  5165 | D:4      | Reached skill level 5 in Fighting
  5165 | D:4      | Gained mutation: You have sharp fingernails. [demonic
                  | ancestry]
  5165 | D:4      | Reached XP level 8. HP: 22/62 MP: 9/9
  5416 | D:5      | Entered Level 5 of the Dungeon
  5473 | D:5      | Found a burning altar of Makhleb.
  5553 | D:5      | Noticed Prince Ribbit
  5600 | D:5      | Found Josmyb's Assorted Antiques.
  5765 | D:5      | Bought a potion of curing for 72 gold pieces
  5765 | D:5      | Bought a dented soapstone amulet for 120 gold pieces
  5889 | D:5      | Gained mutation: You have hoof-like feet. [potion of
                  | mutation]
  5889 | D:5      | Gained mutation: You have a pair of antennae on your head.
                  | [potion of mutation]
  5889 | D:5      | Gained mutation: You evolve. [potion of mutation]
  6240 | D:5      | Killed Prince Ribbit
  6240 | D:5      | Reached skill level 5 in Armour
  6531 | D:5      | Gained mutation: Your mind is acute. (Int +2) [evolution]
  6723 | D:6      | Noticed Maggie
  6744 | D:6      | Slain by Maggie

Illustrated notes

Levels and vault maps discovered:
D:1:      minmay_arrival_radiant_lines, layout_basic,
          hangedman_decor_clover_reticule, minmay_misc_feat_columns,
          minmay_tetromino_l2
D:2:      layout_loops_ring, marbit_many_paths, serial_rivers,
          chequers_serial_rivers_small_a, chequers_serial_rivers_micro_d,
          chequers_serial_rivers_marsh, chequers_serial_rivers_micro_d,
          chequers_serial_rivers_room_b, chequers_serial_rivers_room_b,
          minmay_misc_feat_room, nrook_mini_backslash, minmay_tripent
D:3:      layout_loops_ring, chequers_ecumenical_altar_simple,
          small_statue_intersection, lemuel_flame_loot_1, uniq_jessica
D:4:      layout_rooms, minmay_temple_entry_junction_2, minmay_misc_feat_iff,
          uniq_pikel
D:5:      layout_cave_pools, serial_shops, shop, makhleb_blood_cavern_becter,
          uniq_prince_ribbit1
D:6:      layout_cave_pools, minmay_fire_ice_demons, uniq_menkaure, uniq_maggie

Skill      XL: |  1  2  3  4  5  6  7  8 |
---------------+-------------------------+-----
Dodging        | 1 2 3 4 |  4.6
Maces & Flails | 2 3 |  3.6
Armour         | 2 3 4 5 |  5.0
Fighting       | 4 5 |  5.9
Polearms       | 2 |  2.8
Shields        | 2 |  2.8
Invocations    | |  2.4

Action                   |  1- 3 |  4- 6 |  7- 9 || total
-------------------------+-------+-------+-------++-------
Melee: Mace              |   123 |   261 |       ||   384
       Spear             |       |     6 |   210 ||   216
Invok: Bend Space        |       |     1 |     1 ||     2
       Banish            |       |       |     1 ||     1
  Use: Scroll            |     2 |     4 |     5 ||    11
       Potion            |       |     2 |     5 ||     7
Armor: Ring mail         |     6 |       |       ||     6
       Leather armour    |     2 |       |       ||     2
       Plate armour      |   128 |   262 |    93 ||   483
Dodge: Dodged            |    57 |   174 |    77 ||   308
Block: Buckler           |       |       |    48 ||    48
       Kite shield       |       |       |     2 ||     2

Table legend: (Time is in decaauts)
 A = Elapsed time spent in this place.
 B = Non-inter-level travel time spent in this place.
 C = Inter-level travel time spent in this place.
 D = Time resting spent in this place.
 E = Time spent auto-exploring this place.
 F = Levels seen in this place.
 G = Mean time per level.
                   A        B        C        D        E       F      G
               +--------+--------+--------+--------+--------+-----+--------+
         Total |   6872 |   6695 |    177 |   2705 |   2209 |   7 |  981.7 |
       Dungeon |   6852 |   6675 |    177 |   2705 |   2199 |   6 | 1142.0 |
         Abyss |     20 |     20 |      0 |      0 |     10 |   1 |   20.0 |
               +--------+--------+--------+--------+--------+-----+--------+

Top non-repeatable levels by time:
     D:4: 1571 daAuts
     D:3: 1491 daAuts
     D:2: 1253 daAuts
     D:5: 1225 daAuts
     D:1: 1211 daAuts
     D:6: 99 daAuts
 Abyss:1: 20 daAuts
